AoeStats
← fleur

Black Forest

509383572Analyzed
2v2 RM · 6d ago on Sep 26, 2026· 53m 55s· 4 players
Game mode
Random Map
Map size
Medium (4 player)
Population
200
Speed
Normal
Resources
Standard
Victory
Conquest
Starting age
Dark Age
Ending age
Imperial Age
RankedLock teamsTeams togetherTeam positionsShared explorationLock speedFull tech treeHidden civsTurbo modeCheats
Victory
Defeat
🇧🇪 Japanese · Belgium
923
+14
🇧🇪 Celts · Belgium
920
+14
🇩🇪 Huns · Germany
904
-14
🇦🇷 Jurchens · Argentina
869
-14
fleur
9:00 Loom
13:12 Feudal Age
14:11 Double-Bit Axe
14:40 Horse Collar
16:09 Wheelbarrow
21:49 Castle Age
19:42 Stone Mining
20:01 Gold Mining
21:15 Forging
22:03 Bloodlines
22:22 Scale Barding Armor
23:38 Gold Shaft Mining
23:32 Heavy Plow
24:20 Bow Saw
25:13 Husbandry
26:14 Hand Cart
27:14 Iron Casting
27:47 Masonry
27:47 Murder Holes
29:28 Chain Barding Armor
29:00 Fletching
30:51 Marauders
35:41 Imperial Age
33:22 Scale Mail Armor
33:47 Bodkin Arrow
33:52 Padded Archer Armor
35:48 Caravan
41:03 Two-Man Saw
41:51 Plate Barding Armor
42:17 Blast Furnace
43:31 Bracer
43:48 Leather Archer Armor
44:46 Chain Mail Armor
45:55 Conscription
44:57 Elite Tarkan
45:13 Man-at-Arms
45:54 Squires
45:55 Long Swordsman
46:27 Two-Handed Swordsman
Hodor Noon
1:13 Loom
13:15 Feudal Age
13:41 Double-Bit Axe
15:32 Wheelbarrow
18:52 Wheelbarrow
20:36 Castle Age
20:01 Gold Mining
20:46 Stone Mining
20:39 Horse Collar
21:34 Bow Saw
23:21 Stone Shaft Mining
23:56 Treadmill Crane
24:44 Fishing Lines
25:24 Heavy Plow
29:35 Wheelbarrow
29:31 Gillnets
33:58 Imperial Age
32:21 Gold Shaft Mining
32:45 Hand Cart
32:56 Ballistics
32:33 Fletching
32:45 Padded Archer Armor
32:56 Forging
34:33 Squires
34:19 Arson
34:34 Bodkin Arrow
35:32 Crop Rotation
36:05 Two-Man Saw
35:25 Caravan
35:49 Siege Engineers
36:45 Chemistry
35:56 Masonry
36:55 Conscription
36:47 Thunderclap Bombs
39:17 Architecture
40:00 Bloodlines
39:51 Husbandry
39:54 Bracer
40:31 Iron Casting
40:12 Leather Archer Armor
40:36 Hoardings
40:03 Fortified Bastions
39:30 Heavy Rocket Cart
42:12 Guilds
46:17 Elite Steppe Lancer
47:07 Heavy Scorpion
49:25 Blast Furnace
48:31 Scale Barding Armor
48:56 Ring Archer Armor
52:23 Elite Iron Pagoda
53:10 Light Cavalry
Mellow
0:27 Loom
16:43 Feudal Age
21:45 Castle Age
20:43 Stone Mining
21:35 Wheelbarrow
22:55 Double-Bit Axe
24:54 Horse Collar
30:17 Gold Mining
30:54 Heavy Plow
31:40 Bow Saw
32:33 Yasama
37:38 Imperial Age
36:00 Hand Cart
36:13 Crossbowman
38:32 Fletching
40:28 Thumb Ring
42:52 Bodkin Arrow
43:11 Forging
43:40 Kataparuto
43:42 Bracer
43:43 Padded Archer Armor
44:32 Ballistics
45:22 Chemistry
44:12 Arbalester
46:17 Iron Casting
45:43 Scale Mail Armor
47:50 Squires
47:35 Gambesons
47:11 Pikeman
48:19 Halberdier
50:42 Blast Furnace
52:01 Chain Mail Armor
cramba89be
0:26 Loom
12:07 Feudal Age
17:18 Castle Age
17:57 Double-Bit Axe
17:57 Horse Collar
20:42 Bow Saw
21:59 Heavy Plow
22:44 Gold Mining
23:42 Wheelbarrow
27:51 Hand Cart
33:41 Imperial Age
30:57 Town Watch
31:26 Forging
31:17 Scale Mail Armor
31:07 Fletching
31:18 Padded Archer Armor
31:46 Ballistics
31:44 Town Patrol
33:42 Iron Casting
33:23 Chain Mail Armor
34:11 Stone Mining
34:12 Pikeman
34:53 Bodkin Arrow
34:26 Heavy Scorpion
35:58 Furor Celtica
36:03 Siege Engineers
37:00 Chemistry
36:23 Furor Celtica
37:19 Blast Furnace
36:50 Plate Mail Armor
35:42 Halberdier
39:43 Conscription
41:05 Fortified Wall
40:51 Murder Holes
41:07 Masonry
41:53 Gold Shaft Mining
41:54 Stone Shaft Mining
41:37 Leather Archer Armor
41:28 Scale Barding Armor
41:45 Conscription
42:02 Hoardings
43:20 Elite Woad Raider
45:15 Stronghold
46:08 Chain Barding Armor
46:18 Ring Archer Armor
47:20 Arson
46:56 Man-at-Arms
49:29 Onager
50:11 Long Swordsman
50:37 Gambesons
Connection lost

Rejoining the realm…

Still unreachable

The connection could not be restored.

Session expired

The server has moved on; the page needs a fresh start.